Map: Neon Violet Square LE

Players

WalNet

  • Race: Zerg Zerg
  • League: Gold
  • Spawn Location: 5:00

SHAAAWWWEEEE - Winner!

  • Race: Terran Terran
  • League: Master
  • Spawn Location: 11:00

VOD

Have the link to the VOD?

Description

Time

  • Played on: March 15, 2025, 4:58 a.m.
  • Length: 6:06
Show
View Real Time Build Order
Export as new Build Order

WalNet Zerg 

Build Orders: Hatch First 

Get SALT Encoding   

  12  0:00  Drone  
  13  0:13  Overlord  
  13  0:18  Drone  
  14  0:31  Drone x2  
  16  0:36  Drone  
  17  0:52  Hatchery  
  16  0:57  Extractor  
  15  1:07  Spawning Pool  
  14  1:11  Drone  
  14  1:15  Drone  
  17  1:18  Drone  
  17  1:23  Drone  
  18  1:34  Drone  
  19  1:44  Drone  
  20  1:54  Queen  
  22  2:06  Overlord  
  22  2:07  Zergling x2  
  25  2:10  Zergling x2  
  25  2:15  Metabolic Boost  
  26  2:19  Drone  
  27  2:24  Drone  
  27  2:29  Drone  
  27  2:37  Drone x2  
  27  2:39  Queen  
  31  2:47  Drone  
  31  2:49  Drone x2  
  34  3:03  Overlord  
  34  3:05  Hatchery, Drone  
  34  3:09  Drone  
  35  3:19  Drone  
  36  3:23  Queen  
  37  3:42  Extractor  
  37  3:43  Drone x2  
  38  3:53  Baneling Nest  
  33  3:58  Zergling x6  
  26  4:16  Zergling x6  
  26  4:17  Zergling x6  
  24  4:26  Drone  
  25  4:31  Drone x2  
  25  4:32  Drone  
  25  4:37  Drone  
  29  4:41  Drone x2  
  29  4:44  Drone  
  32  4:59  Drone  
  34  5:00  Drone x3  
  34  5:04  Drone  
  37  5:10  Drone  
  37  5:11  Drone  
  39  5:16  Drone  
  40  5:26  Roach Warren  
  39  5:29  Drone  
  39  5:30  Drone  
  39  5:35  Drone  
  42  5:37  Drone  
  43  5:43  Drone x2  
  43  5:47  Drone  
Show
View Real Time Build Order
Export as new Build Order

SHAAAWWWEEEE Terran - Winner!

Build Orders: 1/1/1 

Get SALT Encoding   

  12  0:00  SCV  
  13  0:12  SCV  
  14  0:19  Supply Depot  
  14  0:24  SCV  
  15  0:30  Refinery  
  15  0:42  Barracks  
  15  0:45  SCV  
  16  0:57  SCV  
  16  1:02  Refinery  
  17  1:09  SCV  
  18  1:21  SCV  
  19  1:31  Factory  
  20  1:47  Barracks Reactor  
  20  1:50  Orbital Command  
  19  1:55  Barracks  
  19  2:18  Supply Depot  
  19  2:21  Starport  
  19  2:33  Hellion  
  19  2:34  Hellion  
  23  2:40  Marine  
  23  2:44  Marine  
  25  2:54  Hellion  
  25  2:55  Hellion  
  29  2:59  Medivac  
  31  3:07  Supply Depot  
  31  3:08  Barracks Reactor  
  31  3:10  Barracks Tech Lab  
  31  3:23  Armory  
  31  3:39  Supply Depot  
  29  4:10  Thor  
  35  4:23  Medivac  
  31  4:24  Marine  
  31  4:25  Marine  
  31  4:30  Marine  
  34  4:31  Marine  
  35  4:41  SCV  
  35  4:42  Marine x2  
  38  4:52  Marine  
  38  4:53  Marine, SCV  
  38  4:57  Supply Depot  
  41  5:03  Marine x2  
  43  5:13  Marine x2  
  45  5:18  Thor  
  51  5:24  Marine x2  
  53  5:34  Medivac  
  55  5:46  Supply Depot  
Tags
 
Add a new tag
Caveats
  • Supply blocks, unpowered buildings, or Contaminate may cause inaccurate times.
  • Supply counts are checked every 10 seconds.